Map: Ephemeron LE

Players

Cham

  • Race: Zerg Zerg
  • Spawn Location: 5:00

uThermal - Winner!

  • Race: Terran Terran
  • Spawn Location: 11:00

VOD

Have the link to the VOD?

Description

Time

  • Played on: Sept. 6, 2019, 7:44 p.m.
  • Length: 12:40
Show
View Real Time Build Order
Export as new Build Order

Cham Zerg 

Build Orders: Hatch First 

Get SALT Encoding   

  12  0:00  Drone  
  13  0:08  Drone  
  14  0:16  Overlord  
  14  0:35  Drone x2  
  16  0:51  Drone, Hatchery  
  16  0:55  Drone  
  17  0:59  Drone  
  18  1:08  Extractor  
  17  1:13  Spawning Pool  
  17  1:16  Drone  
  17  1:20  Drone  
  18  1:29  Drone  
  19  1:39  Drone  
  20  1:50  Drone  
  21  2:02  Queen x2  
  21  2:03  Zergling x4  
  27  2:09  Metabolic Boost  
  27  2:17  Overlord  
  27  2:18  Drone  
  28  2:25  Drone  
  28  2:43  Queen x2  
  32  2:46  Drone x3  
  35  2:55  Drone  
  35  2:56  Overlord  
  36  3:07  Hatchery  
  36  3:08  Drone  
  35  3:19  Drone  
  36  3:24  Drone  
  37  3:27  Drone x2  
  37  3:28  Drone x3  
  37  3:31  Drone  
  37  3:33  Roach Warren  
  42  3:36  Overlord  
  42  3:38  Drone  
  43  3:43  Drone  
  44  3:49  Overlord  
  44  3:54  Queen  
  46  3:57  Zergling x4  
  46  3:59  Drone  
  46  4:00  Drone  
  46  4:01  Drone x2  
  52  4:07  Overlord  
  52  4:08  Overlord  
  52  4:12  Drone x3  
  55  4:19  Drone  
  55  4:20  Drone  
  55  4:23  Roach  
  59  4:27  Roach x3  
  65  4:31  Spore Crawler  
  65  4:32  Spore Crawler  
  65  4:34  Spore Crawler  
  65  4:35  Roach  
  65  4:37  Roach  
  66  4:39  Drone  
  66  4:42  Overlord  
  67  4:47  Drone  
  67  4:49  Overlord  
  68  4:54  Drone x3  
  71  5:02  Drone  
  71  5:03  Drone  
  71  5:04  Drone x2  
  71  5:06  Drone x2  
  76  5:07  Drone  
  76  5:08  Drone  
  78  5:15  Lair, Extractor x2  
  78  5:19  Drone x2  
  78  5:22  Drone x2  
  78  5:23  Drone  
  78  5:27  Overlord, Drone x2  
  83  5:30  Drone x2  
  83  5:31  Drone  
  83  5:33  Drone  
  87  5:38  Baneling Nest, Drone x2  
  87  5:42  Extractor  
  87  5:45  Overlord  
  87  5:50  Overlord  
  87  5:51  Overlord  
  87  5:55  Hatchery  
  86  5:58  Drone x3  
  86  6:00  Zergling x4, Roach x2  
  95  6:05  Drone  
  95  6:08  Evolution Chamber  
  95  6:09  Zergling x10  
  100  6:17  Evolution Chamber  
  100  6:18  Overlord, Drone  
  100  6:20  Zergling x6  
  101  6:27  Roach x2  
  101  6:29  Roach  
  101  6:30  Roach x2  
  96  6:34  Roach x2  
  96  6:35  Zergling x2  
  96  6:39  Zergling x4, Roach  
  99  6:45  Roach  
  101  6:47  Pneumatized Carapace  
  101  6:49  Zerg Ground Armor Level 1, Zerg Melee Weapons Level 1  
  101  6:51  Drone x4  
  101  6:52  Drone  
  106  6:57  Centrifical Hooks  
  106  6:59  Drone x2  
  106  7:00  Drone x3  
  111  7:05  Ravager  
  111  7:06  Baneling  
  111  7:07  Drone x2  
  114  7:08  Drone  
  114  7:10  Baneling x2  
  114  7:13  Overlord, Drone  
  114  7:14  Drone  
  117  7:15  Overlord  
  117  7:18  Drone  
  117  7:20  Drone  
  117  7:21  Zergling x4, Drone  
  117  7:22  Zergling x2  
  123  7:23  Baneling x5  
  123  7:25  Zergling x6  
  123  7:26  Zergling x2  
  127  7:32  Ravager  
  127  7:33  Overlord x2  
  124  7:46  Zergling x8  
  124  7:47  Zergling x6, Baneling x3  
  124  7:49  Ravager  
  124  7:51  Zergling x16  
  120  7:52  Baneling x3  
  120  7:54  Roach  
  120  7:55  Zergling x4  
  124  8:01  Zergling x4  
  126  8:07  Zergling x2  
  126  8:10  Infestation Pit  
  121  8:18  Zergling x6  
  121  8:19  Baneling  
  124  8:20  Hatchery, Baneling x5  
  124  8:23  Baneling  
  124  8:24  Zergling x6, Baneling  
  126  8:28  Hatchery  
  126  8:33  Zergling x4  
  127  8:37  Zergling x2  
  127  8:39  Zergling x2  
  127  8:40  Baneling  
  127  8:41  Baneling x2  
  129  8:42  Zergling x4, Baneling  
  129  8:46  Hatchery  
  130  8:50  Zergling x2  
  130  8:53  Zergling x2  
  132  8:58  Zergling x10  
  132  8:59  Zerg Ground Armor Level 2  
  132  9:02  Zergling x2  
  138  9:04  Overlord x2  
  138  9:08  Overlord x2  
  138  9:12  Hive  
  138  9:14  Overlord  
  138  9:18  Overlord  
  138  9:19  Overlord  
  138  9:24  Zergling x6  
  138  9:27  Zerg Melee Weapons Level 2  
  138  9:28  Zergling x2  
  138  9:29  Zergling x10  
  138  9:30  Zergling x2  
  148  9:35  Zergling x4  
  148  9:36  Zergling x2  
  136  9:43  Extractor  
  136  9:44  Zergling x8, Extractor  
  137  9:45  Hatchery  
  137  9:46  Zergling x2  
  137  9:48  Hatchery  
  137  9:50  Zergling x2, Baneling x9  
  138  9:57  Hatchery  
  138  9:58  Zergling x20  
  147  10:03  Baneling x4  
  147  10:04  Baneling x4  
  147  10:05  Zergling x6  
  150  10:07  Zergling x2  
  150  10:09  Baneling x2  
  150  10:10  Zergling x2  
  150  10:13  Zergling x2  
  153  10:14  Zergling x2  
  154  10:22  Zergling x6  
  154  10:27  Zergling x6  
  154  10:28  Zergling x6  
  154  10:32  Queen  
  145  10:37  Zergling x20  
  145  10:42  Zergling x2  
  155  10:45  Zergling x4  
  155  10:47  Baneling x6  
  155  10:48  Zergling x2  
  155  10:49  Zergling x2  
  159  10:53  Zergling x6  
  158  10:57  Zergling x6  
  158  11:04  Hatchery  
  119  11:08  Viper x2  
  119  11:09  Zergling x16  
  123  11:12  Ultralisk Cavern  
  123  11:15  Drone  
  123  11:18  Zergling x12  
  129  11:22  Drone x3  
  129  11:24  Baneling x5  
  133  11:25  Zergling x2  
  133  11:26  Zergling x2  
  123  11:39  Zergling x2  
  127  11:40  Zergling x12  
  127  11:44  Zergling x2  
  127  11:45  Zergling x4  
  127  11:46  Zergling x4  
  131  11:48  Zergling x4  
  131  11:49  Zergling x2  
  132  11:55  Zergling x4  
  132  11:57  Ravager  
  132  11:58  Zergling x4  
  132  12:00  Zergling x4  
  138  12:01  Baneling x6  
  138  12:02  Zergling x2  
  138  12:03  Zergling x6  
  138  12:05  Baneling x6  
  138  12:06  Baneling x3  
  142  12:10  Zergling x2  
  142  12:11  Zergling x2  
  142  12:12  Baneling x2  
  142  12:14  Zergling x2  
Show
View Real Time Build Order
Export as new Build Order

uThermal Terran - Winner!

Build Orders: Liberator Opening, Reaper Expand 

Get SALT Encoding   

  12  0:01  SCV  
  13  0:13  SCV  
  14  0:16  Supply Depot  
  14  0:25  SCV  
  15  0:38  SCV  
  15  0:39  Barracks  
  16  0:43  Refinery  
  16  0:50  SCV  
  17  1:02  SCV  
  18  1:14  SCV  
  19  1:25  Reaper  
  19  1:26  Orbital Command  
  20  1:39  Command Center  
  20  1:50  Supply Depot  
  20  1:53  SCV  
  21  1:57  Marine  
  22  2:05  SCV  
  23  2:09  Factory  
  23  2:15  Refinery  
  23  2:17  SCV  
  23  2:19  Barracks Reactor  
  24  2:29  SCV  
  25  2:41  SCV  
  26  2:52  Orbital Command  
  26  2:53  SCV  
  26  2:54  Starport  
  27  3:01  Hellion, Barracks Tech Lab  
  27  3:02  Hellion  
  27  3:05  SCV  
  31  3:16  Liberator  
  31  3:17  SCV  
  31  3:19  SCV  
  33  3:23  Hellion  
  33  3:24  Hellion  
  36  3:32  SCV  
  36  3:33  SCV  
  41  3:36  Supply Depot  
  41  3:40  Stimpack  
  41  3:42  Marine  
  41  3:45  SCV x2  
  44  3:52  Hellion  
  46  3:58  Hellion  
  46  4:00  SCV x2, Supply Depot  
  46  4:02  Marine  
  51  4:12  SCV x2  
  51  4:16  Starport Reactor  
  53  4:20  Marine  
  53  4:23  Supply Depot  
  54  4:24  Barracks, SCV  
  54  4:26  SCV  
  54  4:27  Barracks  
  54  4:29  Factory Reactor  
  56  4:36  SCV  
  56  4:38  Marine, SCV, Supply Depot  
  59  4:39  Supply Depot  
  59  4:48  SCV  
  59  4:50  SCV  
  61  4:56  Marine  
  62  5:00  SCV  
  62  5:01  Bunker  
  62  5:02  SCV  
  64  5:10  Bunker  
  64  5:12  SCV  
  64  5:13  Marine  
  63  5:14  Marine x2, Factory Tech Lab, SCV  
  63  5:16  Command Center  
  63  5:20  Marine x2  
  68  5:23  Medivac x2  
  68  5:25  SCV  
  68  5:28  SCV, Combat Shield  
  74  5:31  Marine  
  74  5:34  Siege Tank, Engineering Bay x2  
  78  5:36  Marine x2  
  80  5:42  Refinery  
  80  5:43  SCV x2  
  80  5:44  Marine, Refinery  
  80  5:46  Marine  
  84  5:50  Supply Depot  
  84  5:52  Marine  
  84  5:53  Supply Depot  
  84  5:55  Marine, SCV  
  84  5:56  Marine  
  86  6:02  Terran Infantry Weapons Level 1  
  86  6:03  Terran Infantry Armor Level 1  
  86  6:11  Supply Depot  
  86  6:12  Marine x2, SCV x2  
  86  6:14  Siege Tank  
  93  6:18  Marine  
  93  6:23  Marine  
  93  6:24  SCV  
  96  6:27  Medivac  
  96  6:30  Marine  
  96  6:31  Marine  
  96  6:32  Marine  
  89  6:36  Marine  
  89  6:38  SCV  
  86  6:43  SCV, Marine, Barracks  
  86  6:44  Medivac  
  86  6:45  Barracks  
  90  6:48  Marine  
  90  6:50  SCV  
  90  6:53  Siege Tank  
  95  6:55  Marine, SCV  
  95  6:57  Marine, Medivac  
  95  6:58  Marine  
  101  7:08  Orbital Command, Armory  
  101  7:09  Marine  
  101  7:11  Marine  
  103  7:18  Marine x2, SCV  
  106  7:25  Siege Tank  
  106  7:26  SCV  
  106  7:27  Supply Depot  
  110  7:30  Marine  
  110  7:33  Barracks Reactor x2  
  110  7:34  Supply Depot  
  110  7:35  Marine  
  110  7:36  SCV  
  111  7:37  Marine  
  110  7:45  SCV  
  110  7:47  Marine x3  
  110  7:49  SCV  
  113  7:53  SCV  
  113  7:55  Supply Depot  
  113  7:57  Marine, Siege Tank  
  113  7:58  Terran Infantry Weapons Level 2  
  117  8:00  Marine  
  117  8:05  Refinery  
  118  8:06  Marine  
  118  8:09  SCV, Supply Depot  
  118  8:12  Terran Infantry Armor Level 2  
  120  8:13  Marine x3  
  120  8:15  Marine x2  
  125  8:23  Medivac  
  125  8:24  Supply Depot  
  125  8:26  Supply Depot, Terran Vehicle Weapons Level 1  
  127  8:30  Marine  
  127  8:33  Marine  
  127  8:34  Marine x2, Supply Depot  
  130  8:35  Marine  
  130  8:36  Marine, Supply Depot  
  133  8:42  Marine, Siege Tank  
  133  8:44  Marine  
  138  8:51  Marine x2  
  140  9:02  Command Center  
  140  9:05  Marine, Factory  
  140  9:07  Marine x3  
  144  9:12  Missile Turret  
  144  9:14  Siege Tank  
  144  9:15  Missile Turret x2  
  147  9:18  Marine  
  147  9:19  Sensor Tower  
  147  9:20  Marine x2  
  147  9:21  Marine  
  151  9:27  Marine  
  152  9:32  Marine  
  152  9:34  Marine  
  152  9:37  Medivac  
  152  9:38  Marine x3  
  148  9:42  Marine  
  148  9:43  Marine x2  
  153  9:46  Siege Tank  
  153  9:50  Marine, Medivac  
  153  9:52  Marine  
  160  9:55  Marine  
  160  9:58  Marine  
  162  10:04  Marine  
  163  10:07  Marine x2, Factory Tech Lab, Medivac  
  163  10:11  Marine x3, Barracks  
  163  10:12  Marine, Barracks  
  163  10:13  Barracks  
  163  10:14  Marine  
  171  10:17  Marine  
  171  10:18  Siege Tank  
  176  10:22  Marine  
  173  10:36  Marine x3, Siege Tank  
  173  10:37  Medivac  
  173  10:38  Marine  
  173  10:39  Marine  
  173  10:41  Marine  
  173  10:42  Marine x2  
  179  10:46  Marine  
  180  10:50  Siege Tank  
  180  10:51  Medivac  
  180  10:54  Marine x3  
  180  10:56  Marine x2  
  190  10:59  Marine  
  190  11:00  Marine  
  166  11:06  Marine  
  166  11:07  Marine x4  
  166  11:08  Siege Tank, Planetary Fortress  
  166  11:11  Marine, SCV  
  157  11:12  Marine x2  
  157  11:13  Marine  
  157  11:17  Marine  
  162  11:22  Siege Tank  
  165  11:28  Marine  
  161  11:40  Siege Tank  
  161  11:41  Marine  
  161  11:42  Marine x3, Marauder  
  168  11:48  Marine x2, Command Center  
  168  11:49  Barracks Tech Lab  
  168  11:51  Barracks Tech Lab  
  168  11:53  Barracks Tech Lab  
  166  11:54  Siege Tank  
  168  12:02  Marine x2  
  168  12:04  Marauder  
  168  12:06  Marine  
  173  12:09  Marine x3  
  173  12:10  Marine  
  173  12:11  Marauder  
Tags
 
Add a new tag
Caveats
  • Supply blocks, unpowered buildings, or Contaminate may cause inaccurate times.
  • Supply counts are checked every 10 seconds.